 Dungeon Crawl Stone Soup version 0.28.0-43-g3370ac3207 (webtiles) character file.

Game seed: 14068596146815535978

163 crimpus the Chopper (level 5, -1/46 HPs)
             Began as a Minotaur Fighter on Mar 27, 2022.
             Splashed by a jelly's acid (8 damage)
             ... on level 4 of the Dungeon.
             The game lasted 00:04:00 (3627 turns).

crimpus the Chopper (Minotaur Fighter)              Turns: 3627, Time: 00:04:00

Health: -1/46      AC: -3    Str: 23    XL:     5   Next: 20%
Magic:  4/4        EV:  7    Int:  5    God:
Gold:   104        SH:  4    Dex:  9    Spells: 4/4 levels left

rFire   . . .      SeeInvis .   a - +0 war axe (protect)
rCold   . . .      Faith    .   c - +0 buckler
rNeg    . . .      Spirit   .   k - +0 chain mail
rPois   .          Reflect  .   (helmet restricted)
rElec   .          Harm     .   (no cloak)
rCorr   .          Rampage  .   (no gloves)
Will    .....                   (no boots)
Stlth   ..........              (no amulet)
HPRegen 0.15/turn               (no ring)
MPRegen 0.09/turn               (no ring)

@: corroded, under a protective aura
A: horns 2, retaliatory headbutt
a: no special abilities


You were on level 4 of the Dungeon.
You visited 1 branch of the dungeon, and saw 4 of its levels.

You collected 104 gold pieces.

Inventory:

Hand Weapons
 a - a +0 war axe of protection (weapon)
 m - a +0 morningstar
Armour
 c - a +0 buckler (worn)
 e - a +0 plate armour
 k - a +0 chain mail (worn)
Jewellery
 f - a ring of fire
 j - a +6 ring of dexterity
Scrolls
 b - 2 scrolls of identify
 h - a scroll of enchant armour {unknown}
 l - 2 scrolls of enchant weapon {unknown}
 n - a scroll of vulnerability {unknown}
Potions
 d - a potion of might
 g - a potion of lignification {unknown}
 i - a potion of brilliance {unknown}
 o - a potion of curing {unknown}


   Skills:
 + Level 4.3 Fighting
 + Level 4.8 Axes
 + Level 4.6 Armour
 + Level 0.3 Dodging
 + Level 4.3 Shields


You had 4 spell levels left.
You didn't know any spells.
Your spell library contained the following spells:

 Spells                   Type           Power      Damage    Failure   Level
 Freezing Cloud           Conj/Ice/Air   0%         6-21      100%        5
 Simulacrum               Ice/Necr       0%         N/A       100%        6
 Polar Vortex             Ice            0%         N/A       100%        9


Dungeon Overview and Level Annotations

Branches:
Dungeon (4/15)
 Temple: D:4-7

Altars:


Innate Abilities, Weirdness & Mutations

You have a pair of horns on your head.
You reflexively headbutt those who attack you in melee.


Message History

The endoplasm quivers.
The endoplasm moves out of view.
You slash the endoplasm!
Your weapon exudes an aura of protection.
You kill the endoplasm!
No target in view!
No target in view!
No target in view!
No target in view!
No target in view!
No target in view!
A jelly comes into view.
The jelly quivers.
A jelly is nearby!
The jelly hits you. The acid corrodes you!
You are splashed with acid.
You slash the jelly!
Your weapon exudes an aura of protection.
The acid corrodes you!
Your hands burn!
The jelly is severely wounded.
The jelly closely misses you.
You hit the jelly.
Your hands burn!
The jelly is almost dead.
The jelly hits you. The acid corrodes you!
You are splashed with acid!
You are too injured to fight recklessly!
You are too injured to fight recklessly!
You are too injured to fight recklessly!
You are too injured to fight recklessly!
You are too injured to fight recklessly!
You are too injured to fight recklessly!
A jelly is nearby!
You are too injured to fight recklessly!
You barely miss the jelly.
You headbutt the jelly, but do no damage.
The jelly is almost dead.
The jelly hits you. The acid corrodes you!
You are splashed with acid.
* * * LOW HITPOINT WARNING * * *
The jelly hits you.
* * * LOW HITPOINT WARNING * * *
The acid corrodes you!
You are splashed with acid!
You die...

#...#....#....#
#...#....+....#
##'##....#+####
#............##
#............#.
#####............#.
#................#.
#................#.
#.@..............##
......J...##########..
..........# ..
..........#
..........#
######....# #....#
######


You could see a jelly.

Vanquished Creatures
  A hound (D:4)
  3 adders (D:2)
  A gnoll (D:2)
  A worm (D:3)
  A dart slug (D:1)
  6 orcs (D:3)
  14 endoplasms
  3 giant cockroaches
  4 goblins
  9 hobgoblins
  A jackal (D:3)
  4 quokkas
  8 ball pythons
  4 bats
  4 frilled lizards
  7 kobolds
  8 rats
79 creatures vanquished.

Notes
Turn   | Place    | Note
-------+----------+-------------------------------------------
     0 | D:1      | crimpus the Minotaur Fighter began the quest for the Orb.
     0 | D:1      | Reached XP level 1. HP: 19/19 MP: 0/0
   249 | D:1      | Found a faded altar of an unknown god.
   695 | D:1      | Reached XP level 2. HP: 18/27 MP: 1/1
  1682 | D:2      | Reached XP level 3. HP: 33/33 MP: 2/2
  2432 | D:2      | Reached XP level 4. HP: 25/40 MP: 3/3
  3574 | D:4      | Reached XP level 5. HP: 46/46 MP: 4/4
  3627 | D:4      | Splashed by a jelly's acid

Illustrated notes

Levels and vault maps discovered:
D:1:      minmay_arrival_plants_in_alcoves, layout_loops_corners,
          shapermc_ecumenical_altar_starsandcircs, minmay_3d_cube
D:2:      minmay_diamond_boxcup, layout_rooms, corner_web_ring,
          kennysheep_donut, grunt_decor_fettered, roderic_roman_lattice
D:3:      minmay_general_purpose_star, layout_basic, minmay_tree_intersection
D:4:      layout_gridville, serial_shops, nicolae_shop_statue_plus,
          minmay_misc_feat_columns, uniq_edmund, uniq_natasha

Skill      XL: |  1  2  3  4 |
---------------+-------------+-----
Armour         | 4 |  4.6
Fighting       | 4 |  4.3
Shields        | 4 |  4.3
Axes           | 3 4 |  4.8
Dodging        | |  0.3

Action                   |  1- 3 |  4- 6 || total
-------------------------+-------+-------++-------
Melee: War axe           |   127 |    77 ||   204
       Headbutt          |     9 |    10 ||    19
  Use: Scroll            |     3 |       ||     3
Armor: Plate armour      |    77 |       ||    77
       Scale mail        |     3 |       ||     3
       Chain mail        |    10 |    48 ||    58
Dodge: Dodged            |    32 |    32 ||    64
Block: Buckler           |    34 |    15 ||    49
